[Event "4th Tata Steel India Blitz Open 2022"]
[Site "Kolkota"]
[Date "2022.12.04"]
[Round "12.2"]
[White "Mamedyarov, Shakhriyar"]
[Black "So, Wesley"]
[Result "0-1"]
[ECO "D78"]
[WhiteElo "2741"]
[BlackElo "2760"]
[Annotator "TA"]
[PlyCount "97"]
[EventDate "2022.11.29"]
[EventType "tourn"]
[EventCountry "IND"]
[SourceTitle "playchess.com"]
[Source "ChessBase"]
[SourceQuality "1"]
[TimeControl "180+2"]

1. d4 Nf6 2. c4 g6 3. g3 c6 4. Bg2 d5 5. Qa4 dxc4 6. Qxc4 Bg7 7. Nf3 O-O 8. O-O Bf5 {[%emt 0:00:09] D78: Fianchetto Grünfeld: 6 0-0 c6.} 9. Nc3 Ne4 10. e3 Nd7 {[%emt 0:00:11] The position is equal.} 11. Rd1 Nxc3 12. bxc3 {[%emt 0:00:01] [#]} Be4 $146 ({Predecessor:} 12... Qc7 13. a4 e5 14. a5 e4 15. Nd2 Nf6 16. h3 h5 17. Bb2 Rfe8 18. Qf1 Nh7 {1-0 (94) Banusz,T (2620)-Can,E (2600) Chess.com INT 2020}) 13. Ba3 Nb6 14. Qe2 Re8 15. c4 {[%emt 0:00:04] Inhibits Qd5.} Nd7 16. Bh3 c5 17. Ng5 (17. Bxc5 Nxc5 18. dxc5 Qc7 $11) 17... Bc6 18. Rab1 (18. Bxc5 Nxc5 19. dxc5 Qa5 $17) 18... cxd4 19. exd4 {[%emt 0:00:01][%cal Oh3e6] Be6! is the strong threat.} Qa5 $2 ({Black should try} 19... e6 $14 20. Ne4 Nf6) 20. d5 $1 $18 (20. Bxe7 $2 Qxg5 21. Bxg5 Rxe2 $19) 20... Ba4 21. Re1 Nc5 {[%emt 0:00:53] Prevents Be6.} (21... Bf6 {is tougher.}) 22. Qf3 Bf6 {[%emt 0:00:02] [#]} 23. Bxc5 $2 (23. Rxe7 $1 $18 Qc3 24. Rxe8+ (24. Rxf7 Qxf3 25. Nxf3 Kxf7 $14) 24... Rxe8 25. Qxc3 Bxc3 26. Bxc5) 23... Bxg5 (23... Qxc5 $14 24. Qf4 Bxg5 25. Qxg5 Qxc4) 24. Bd4 (24. Qa3 $18) 24... Bc2 $16 25. Ra1 (25. Bc3 {seems wilder.} Qa3 26. Rb2 Ba4 27. Rxb7 Bd2 28. Rexe7 Rxe7 29. Rxe7 Qxe7 30. Bxd2 Rb8 31. Qd3) 25... Bf6 26. Bxf6 exf6 27. Rxe8+ ({White should play} 27. Rec1 $16 Qd2 28. Qxf6) 27... Rxe8 $11 28. Bf1 (28. Qxf6 $2 Re1+ 29. Bf1 (29. Rxe1 $2 Qxe1+ 30. Kg2 Be4+ $19) 29... Bd3 $19) 28... Kg7 29. d6 (29. Rc1 $11 Bf5 30. Qd1) 29... Bf5 {[%emt 0:00:03] Black is more active.} (29... b6 $15) 30. Rd1 (30. Qxb7 $11 Qe5 31. Rd1) 30... Qb6 ({Better is} 30... b6 $15) 31. Qd5 Be6 {[%emt 0:00:01] Inhibits c5.} 32. c5 Qb4 (32... Qa5 $5 33. Qxb7 (33. d7 Rd8 $11) 33... Qxc5 $11) 33. Qd4 Qxd4 34. Rxd4 {[%emt 0:00:01][%mdl 4096] Endgame Hoping for Bg2. KRB-KRB} Bd7 $1 35. h4 Re1 36. f3 Rc1 37. Rc4 Ra1 38. Rb4 {[%emt 0:00:02] Inhibits Bb5.} Bc6 (38... Rxa2 $2 39. Rxb7 Bc6 40. Rc7 Bxf3 41. Bc4 Rg2+ 42. Kf1 $18) (38... Bh3 $5 39. Rxb7 Rxf1+ 40. Kh2 Be6 $15) 39. Rb2 Rc1 40. Rd2 {[%emt 0:00:01] Strongly threatening d7.} Bd7 $1 (40... Bxf3 $2 41. d7 $18) 41. Rd5 (41. Rb2 $11) 41... Kf8 $1 $17 42. Kf2 {[%emt 0:00:01][%cal Oa2a4] [#]} Ke8 $1 {[%emt 0:00:01] Against a4} 43. Bd3 {[%emt 0:00:01] [#]} Bc6 (43... Be6 $142 $1 44. Rd4 (44. Bb5+ $2 Kd8 $19) 44... Rxc5) 44. Rd4 Rxc5 45. Be4 (45. Bc4 $17 {was worth a try.}) 45... Kd7 $19 46. Bd3 $2 (46. Bxc6+ {is a better defense.} Rxc6 47. Ke3) 46... Rd5 47. Rxd5 (47. Ke3 $142) 47... Bxd5 48. Ke3 Bxa2 49. Kd4 {[%emt 0:00:03] Never resign too early!   Weighted Error Value: White=0.46/Black=0.28 (precise)} 0-1

[Event "4th Tata Steel India Blitz Open 2022"]
[Site "Kolkota"]
[Date "2022.12.04"]
[Round "12.3"]
[White "Nakamura, Hikaru"]
[Black "Abdusattorov, Nodirbek"]
[Result "1-0"]
[ECO "B44"]
[WhiteElo "2768"]
[BlackElo "2713"]
[Annotator "TA"]
[PlyCount "93"]
[EventDate "2022.11.29"]
[EventType "tourn"]
[EventCountry "IND"]
[SourceTitle "playchess.com"]
[Source "ChessBase"]
[SourceQuality "1"]
[TimeControl "180+2"]

1. c4 c5 2. Nf3 Nc6 3. Nc3 Nf6 4. d4 cxd4 5. Nxd4 e6 6. Nxc6 bxc6 7. e4 e5 {[%emt 0:00:02] B44: Sicilian: Taimanov: 5 Nb5.} 8. Qd3 $5 {[%emt 0:00:02][%mdl 4] [#] Exploring less charted territory.} Be7 $146 ({Predecessor:} 8... Bc5 9. Be3 Qb6 10. Bxc5 Qxc5 11. Be2 O-O 12. O-O Rd8 13. Rfd1 Rb8 14. a3 Qe7 15. b4 {1-0 (40) Thybo,J (2559)-Bjerre,J (2611) Svendborg 2022}) 9. Be2 O-O {[%emt 0:00:04] White is slightly better.} 10. O-O d6 11. b4 Be6 12. Rd1 Qc7 13. Be3 Rfd8 14. Rac1 Qb7 15. a3 Rac8 16. f3 h6 17. Bf2 Rc7 18. Bf1 Rcd7 19. Qc2 Rc8 20. Qa4 Rb8 21. Rb1 Rdd8 ({Black should play} 21... Qc8 $14) 22. b5 {[%emt 0:00:19] White is more active.} (22. Bxa7 $2 Ra8 23. b5 Rxa7 $19) 22... c5 23. Qc2 Rd7 24. a4 Bd8 25. Be1 Ba5 26. Nd5 {[%emt 0:00:03] Inhibits Qb6.} Bxe1 27. Nxf6+ (27. Rxe1 $6 Bxd5 28. exd5 Qc7 $14) 27... gxf6 28. Rxe1 Qc7 29. Qd2 Kh7 30. a5 Qd8 31. Bd3 {[%emt 0:00:03] And now f4 would win.} Qg8 32. g3 Qg7 33. Kh1 Kh8 34. Rb2 Qg6 35. Reb1 Qg7 36. b6 (36. f4 $18 {Hoping for f5.} Bh3 37. b6 axb6 38. f5 (38. Rxb6 Ra8 $16) (38. axb6 Rdb7 $18)) 36... axb6 $16 37. Rxb6 Ra8 38. Rb8+ Rd8 39. Rxd8+ Rxd8 40. a6 (40. Bf1 $18) 40... Ra8 41. Rb6 Bc8 $2 (41... Qf8 $16 {was called for.}) 42. Qa5 $2 (42. Rxd6 $6 Bxa6 43. Bf1 Bb7) (42. Bf1 $18) 42... Qg5 $11 {[%emt 0:00:01] [#] Threatens to win with ...Qe3.} 43. Bf1 $2 ({Don't play} 43. Rxd6 Qc1+ 44. Kg2 Rb8 $17) (43. Kg2 $11 Qe3 44. Bf1 (44. Rxd6 Rxa6 45. Rxa6 Qxd3 $11)) 43... Qe3 $2 (43... Qc1 $19 44. Kg2 {[#]} Bh3+ $1 45. Kxh3 Qxf1+ 46. Kh4 Qg2) 44. Kg2 $36 {[%emt 0:00:02][%mdl 2048] White has some pressure.} Kg7 45. Rxd6 {[%emt 0:00:01] Black must now prevent a7.} f5 $2 (45... Rb8 $11 {and Black stays safe.} 46. Rb6 Rxb6 47. Qxb6 Qd2+ 48. Kg1 Qe3+ 49. Kg2 Qd2+ 50. Kg1 Qe3+ 51. Kg2) 46. Qd8 $18 {[%emt 0:00:09] White wants to mate with Qf6+. Really sharp!} Rxa6 (46... Qg5 $18 47. exf5 (47. a7 fxe4 48. Qxg5+ hxg5 $11) 47... Qxf5) 47. Qf6+ {[%emt 0:00:01] White used his chance.   Weighted Error Value: White=0.34/Black=0.54} 1-0

[Event "4th Tata Steel India Blitz Open 2022"]
[Site "Kolkota"]
[Date "2022.12.04"]
[Round "12.4"]
[White "Erigaisi Arjun"]
[Black "Gukesh D"]
[Result "1-0"]
[ECO "B06"]
[WhiteElo "2718"]
[BlackElo "2725"]
[Annotator "TA"]
[PlyCount "111"]
[EventDate "2022.11.29"]
[EventType "tourn"]
[EventCountry "IND"]
[SourceTitle "playchess.com"]
[Source "ChessBase"]
[SourceQuality "1"]
[TimeControl "180+2"]

1. e4 g6 2. d4 Bg7 3. Nc3 d6 4. Be3 a6 5. Qd2 b5 6. h4 {[%emt 0:00:02] B06: Modern Defence.} Nf6 {[%emt 0:00:03] Against h5} 7. f3 h5 8. O-O-O {[%emt 0:00:06] White has an edge.} Nc6 {[%emt 0:00:02] 8...b4 is becoming the main line.} (8... b4 $5 9. Nce2 a5 $14) 9. Kb1 b4 {[%emt 0:00:15] [#]} 10. Na4 $146 (10. Nd5 $16) ({Predecessor:} 10. Nd5 Rb8 11. c4 e6 12. Nxf6+ Bxf6 13. d5 Ne5 14. Nh3 a5 15. Ng5 Qe7 16. c5 dxc5 {1-0 (35) Berg,E (2539)-Rothen,H (2280) Lidkoping 2013}) 10... Bd7 $11 11. b3 a5 12. Ne2 e5 13. Bg5 Qb8 14. d5 Na7 15. Nc1 Nb5 16. Bxb5 Bxb5 17. c4 bxc3 18. Nxc3 a4 19. b4 a3 (19... Bc4 $11) 20. Nxb5 $14 Qxb5 21. Nd3 Nd7 22. Rc1 Qb7 ({Better is} 22... Ra7 $14) 23. Qc3 $16 O-O (23... Ra7 $16) 24. Qxc7 Qb5 25. Qc4 Qb6 26. Qc6 Qd4 {[%emt 0:00:02] [#]} 27. Qc3 {[%emt 0:00:01] Strongly threatening Qxd4. Active counter play!} Qb6 28. Qc6 Qd4 $1 29. Rhd1 $36 {[%emt 0:00:02][%mdl 2048] Black is under strong pressure.} Nf6 {[%emt 0:00:08][%mdl 8192] Loses the game.} (29... Rfb8 $16 {is a better chance.} 30. Qc3 (30. Qxd7 Rxb4+ 31. Kc2 Rbb8 $16) 30... f5) 30. Rc4 $18 (30. Qxd6 Rfc8 31. Rc6 (31. Bxf6 $2 Rxc1+ 32. Kxc1 Qc3+ 33. Kb1 Rc8 $19) (31. Rxc8+ Rxc8 32. Qa6 Rc3 $16) 31... Rxc6 32. Qxc6 Rb8 $18) 30... Qa7 31. Bxf6 Bxf6 32. Qxd6 Kg7 33. Rc7 ({Inferior is} 33. Nxe5 Rfd8 34. Qc5 Bxe5 35. Qxa7 Rxa7 $17) 33... Qe3 34. Qc5 (34. Nxe5 $2 {loses.} Qe2 35. Nd3 Qxd1+ 36. Nc1 Qd4 $19) 34... Qe2 35. Qc2 Qe3 36. Qf2 Qh6 37. Rc6 Rfc8 38. Rdc1 {[%emt 0:00:02] White is clearly winning.} Rd8 39. R1c3 Qh8 40. Kc2 Qe8 41. g3 Qe7 42. Qc5 Qd7 {[%emt 0:00:02] [#]} 43. Rxf6 $1 Kxf6 44. Qc6+ ({Less strong is} 44. Qe3 Qa4+ 45. Kd2 Kg7 $18) 44... Qd6 (44... Qxc6 $142 45. Rxc6+ Ke7 46. Nxe5 Rdb8 47. d6+ Kf6) 45. f4 Kg7 46. Qxd6 Rxd6 47. fxe5 {[%emt 0:00:02][%mdl 4096] Endgame KRR-KRN} Rd7 48. Kb3 g5 49. hxg5 Kg6 50. e6 Re7 51. Ne5+ Kxg5 52. Nxf7+ Kg4 53. Ne5+ Kg5 54. Rf3 Rg8 55. b5 (55. Rf5+ $142 Kh6 56. Nf7+ Kg7 57. Rg5+ Kf8 58. Rxg8+ Kxg8 59. d6 Rxe6 60. d7 Kxf7 61. d8=Q Rxe4 62. Qd5+ Re6 63. Qxh5+ Kf6 64. b5) 55... Rb7 56. Kc4 {[%emt 0:00:02] Weighted Error Value: White=0.21 (precise) /Black=0.46} 1-0

[Event "4th Tata Steel India Blitz Open 2022"]
[Site "Kolkota"]
[Date "2022.12.04"]
[Round "12.5"]
[White "Maghsoodloo, Parham"]
[Black "Rameshbabu, Praggnanandhaa"]
[Result "0-1"]
[ECO "A28"]
[WhiteElo "2720"]
[BlackElo "2678"]
[Annotator "TA"]
[PlyCount "43"]
[EventDate "2022.11.29"]
[EventType "tourn"]
[EventCountry "IND"]
[SourceTitle "playchess.com"]
[Source "ChessBase"]
[SourceQuality "1"]
[TimeControl "180+2"]

1. c4 e5 2. Nc3 Nf6 3. Nf3 Nc6 4. e3 Bb4 5. Qc2 Bxc3 6. bxc3 O-O 7. Be2 d6 8. e4 {[%emt 0:00:07] A28: English Opening: Four Knights Variation.} Ne8 $5 {[%emt 0:00:11][%mdl 4] An interesting side line.} 9. d4 {[%emt 0:00:06] [#]} h6 $146 (9... Bg4 $5) ({Predecessor:} 9... Qe7 10. O-O Bg4 11. Be3 f5 12. exf5 Bxf5 13. Qb3 Na5 14. Qb5 b6 15. Qd5+ Kh8 16. Qxa8 c6 17. dxe5 dxe5 18. Qb8 Bg4 19. c5 bxc5 20. Rfe1 Nd6 21. Bg5 {1-0 (21) Sarakauskas,G (2425)-Weaving,R (2330) Daventry 2019}) 10. O-O {[%emt 0:00:25] The position is equal.} f5 11. dxe5 dxe5 12. Ba3 Rf7 13. Rad1 Qf6 14. c5 Rb8 15. Nd2 Be6 16. Bc4 ({White should play} 16. Bb5 $11) 16... Bxc4 $15 17. Nxc4 Qe6 {[%emt 0:00:06] Prevents f4.} (17... f4 $5 ) 18. Ne3 fxe4 (18... f4 $5 19. Nf5 Nf6 $15) 19. c4 {[%emt 0:00:13] Now White is beyond hope.} (19. Nd5 $15) 19... Nd4 $19 {[%emt 0:00:10] Black is clearly better.} 20. Qd2 (20. Qb2 $142) 20... Nf6 21. Bb2 Rd8 {[%emt 0:00:07][%cal Od4f3] [#] White must now prevent ...Nf3+!} 22. Qa5 {[%emt 0:00:05] Weighted Error Value: White=0.37/Black=0.10 (very precise)} 0-1

[Event "4th Tata Steel India Blitz Open 2022"]
[Site "Kolkota"]
[Date "2022.12.04"]
[Round "13.1"]
[White "Mamedyarov, Shakhriyar"]
[Black "Nakamura, Hikaru"]
[Result "1/2-1/2"]
[ECO "E20"]
[WhiteElo "2741"]
[BlackElo "2768"]
[Annotator "TA"]
[PlyCount "100"]
[EventDate "2022.11.29"]
[EventType "tourn"]
[EventCountry "IND"]
[SourceTitle "playchess.com"]
[Source "ChessBase"]
[SourceQuality "1"]
[TimeControl "180+2"]

1. d4 Nf6 2. c4 e6 3. Nc3 Bb4 4. g3 O-O 5. Bg2 d5 6. Nf3 dxc4 7. O-O Nc6 8. Re1 Rb8 9. a3 {[%emt 0:00:06] E20: Nimzo-Indian: 4 g3 and 4 f3.} Be7 (9... Ba5 $15) 10. Qa4 $11 Nxd4 11. Nxd4 Qxd4 {[%emt 0:00:01] [#]} 12. Rd1 $146 ({Predecessor:} 12. Be3 Qg4 13. h3 Qh5 14. Qxc4 c5 15. g4 Qg6 16. Bf4 Ra8 17. Rad1 a6 18. a4 {0-1 (40) Bohm,H (2435)-Farago,I (2495) Amsterdam 1985}) 12... Qb6 13. Qxc4 Bd7 14. b4 c6 15. Be3 Qc7 16. Bxa7 Rbc8 {[%emt 0:00:06] And now ...b6 would win.} 17. Bc5 {[%emt 0:00:22] Against b6} b5 18. Qd4 e5 $1 19. Qe3 Ng4 20. Qf3 Bxc5 21. bxc5 Be6 (21... f5 $11) 22. Ne4 (22. Rd6 $16) 22... Qa7 (22... f5 $14 23. Nd6 e4) 23. Ng5 $16 (23. Qc3 {simplifies} Nf6 24. Nxf6+ gxf6 25. h4) 23... Bd7 24. Nxh7 {[%emt 0:00:09] White is more active.} Kxh7 $11 25. Qd3+ f5 26. Qxd7 Qxc5 27. e3 (27. Rf1 {is interesting.} e4 28. Bxe4 Nxf2 29. Rac1) 27... e4 28. Bh3 Ne5 29. Bxf5+ Kh8 30. Qxc8 Rxc8 31. Bxc8 Nd3 32. Ra2 Qf8 33. Bh3 c5 $1 34. Bg2 Qf5 (34... Qe8 $1 $11 {remains equal.}) 35. Rc2 (35. a4 $1 $16 bxa4 36. Rf1 (36. Rxa4 $2 {is the wrong capture.} Qxf2+ 37. Kh1 Qxe3 $19)) 35... c4 36. Rb1 g5 37. h3 Kg7 38. Rf1 {[%emt 0:00:14][%cal Oa3a4] Threatens to win with a4!} Qe5 $2 {[%emt 0:00:09] [#] Inhibits a4.} (38... Qd5 $11 {and Black is okay.}) 39. Rb1 $2 ({White has to play} 39. a4 $1 $18 ) 39... Qf5 40. Rf1 {[%emt 0:00:02][%cal Oa3a4] aiming for a4!} Kf6 $2 {[%emt 0:00:06] [#]} (40... Qe5 $11) 41. Rb1 $2 ({Only move:} 41. a4 $1 $18 ) 41... Ke7 {[%emt 0:00:01] The position is equal.} 42. Kh2 {[%emt 0:00:04][%cal Oa3a4] Black must now prevent a4!} Kd6 43. a4 bxa4 44. Rxc4 Qxf2 45. Rxe4 {[%emt 0:00:19] Strongly threatening Rd4+. Chess con chili.} Ne1 46. Rd4+ Ke6 47. Rb6+ Ke7 (47... Kf7 $5 48. Rb7+ $8 Ke8 49. Rb8+ Kf7 50. Rb7+ Ke8 51. Rb8+ Kf7 52. Rb7+ $11) 48. Rb7+ Ke6 49. Rb6+ Ke7 (49... Kf7 $5 50. Rb7+ $8 Ke8 51. Rb8+ Kf7 52. Rb7+ Ke6 53. Rb6+ $11) 50. Rb7+ Ke6 {[%emt 0:00:03] Weighted Error Value: White=0.18 (very precise) /Black=0.22 (precise)} 1/2-1/2

[Event "4th Tata Steel India Blitz Open 2022"]
[Site "Kolkota"]
[Date "2022.12.04"]
[Round "13.2"]
[White "Gukesh D"]
[Black "Nihal Sarin"]
[Result "0-1"]
[ECO "A09"]
[WhiteElo "2725"]
[BlackElo "2670"]
[Annotator "TA"]
[PlyCount "67"]
[EventDate "2022.11.29"]
[EventType "tourn"]
[EventCountry "IND"]
[SourceTitle "playchess.com"]
[Source "ChessBase"]
[SourceQuality "1"]
[TimeControl "180+2"]

1. Nf3 d5 2. g3 g6 3. c4 dxc4 4. Na3 Bg7 5. Nxc4 Nc6 6. Bg2 {[%emt 0:00:01] A09: Réti Opening: 1 Nf3 d5 2 c4.} e5 7. d3 e4 8. dxe4 {[%emt 0:00:01] The position is equal.} Qxd1+ 9. Kxd1 Nf6 10. Ncd2 {[%emt 0:00:17] [#]} O-O $146 {[%emt 0:00:29][%mdl 1024] Black has compensation.} ({Predecessor:} 10... h6 11. a3 Be6 12. Rb1 Ba2 13. Ra1 Be6 14. Ne1 Ng4 15. Nd3 O-O-O 16. h3 Rxd3 17. hxg4 {½-½ (51) Movsziszian,K (2476)-Baenziger,F (2398) El Prat de Llobregat 2019}) 11. Ne1 Rd8 12. h3 {[%emt 0:00:34] Prevents Ng4.} a5 13. f4 Nh5 14. Bf3 Nxg3 {[%emt 0:00:11] Black is much more active.} 15. Rg1 Nh5 16. Bxh5 gxh5 17. f5 Kf8 18. Nd3 b6 19. Nf3 Ba6 (19... Nb4 {is interesting.} 20. Ng5 Bd4 21. Nxh7+ Ke7) 20. Bg5 {[%emt 0:00:04][%cal Of5f6] Threatens to win with f6!} Rd6 {[%emt 0:00:35] Inhibits f6.} (20... f6 $11 21. Rc1 Bxd3 22. exd3 Rxd3+ 23. Ke2 Nd4+ 24. Kxd3 Nxf3) 21. Bf4 $16 Rd7 {[%emt 0:00:01] [#]} 22. e5 $1 {[%emt 0:00:18][%cal Be4e5,Be5e6][%mdl 32] f6 is the strong threat.} f6 $1 23. e6 Rd5 {[%emt 0:00:01] [#]} 24. Rc1 $1 ({Weaker is} 24. Bxc7 Bh6 25. Nd2 (25. Bxb6 $2 {perishes.} Bxd3 26. exd3 Rb8 $19) 25... Rc8 $17) 24... Bb5 25. Bd2 ({Much weaker is} 25. Bxc7 Bh6 26. Nd2 Ne7 $14) ({Better is} 25. Ke1 $16) 25... Rxf5 $11 26. Rxc6 {[%emt 0:00:06][%mdl 64] Decoy} Bxc6 27. Nd4 Ba4+ (27... Be4 {simplifies} 28. Nxf5 Bxf5 29. Nf4 Re8) 28. b3 Rd5 29. Bc3 (29. e7+ $11 Kf7 30. Ne6 Kxe6 31. Rxg7 Rxd3 32. exd3) 29... Be8 30. Nf4 Re5 ({Black should try} 30... Rd6 $19 31. Ke1 Bh6) 31. e7+ $1 $15 Kf7 {[%emt 0:00:02] White must now prevent ...Bd7.} (31... Kxe7 $2 32. Rxg7+ Kd6 33. Rxh7 $16) 32. Nde6 $1 {[%emt 0:00:04][%csl Ge6][%cal Rg1g7][%mdl 64] Double Attack. Pair of Knights!} Bh6 (32... Rxe6 $15 {keeps the upper hand.} 33. Nxe6 Kxe6 34. Rxg7 Bg6) 33. Bxe5 $16 fxe5 (33... Bxf4 $16 34. Nxc7 Bxe5 35. Nxa8 b5) 34. Nd5 $2 {[%emt 0:00:03][%mdl 32768] Weighted Error Value: White=0.22 (precise) /Black=0.41. Loss on time!?} (34. Nxc7 $18 Bxf4 35. Nxa8) 0-1

[Event "4th Tata Steel India Blitz Open 2022"]
[Site "Kolkota"]
[Date "2022.12.04"]
[Round "13.3"]
[White "Vidit, Santosh Gujrathi"]
[Black "Abdusattorov, Nodirbek"]
[Result "0-1"]
[ECO "E41"]
[WhiteElo "2724"]
[BlackElo "2713"]
[Annotator "TA"]
[PlyCount "74"]
[EventDate "2022.11.29"]
[EventType "tourn"]
[EventCountry "IND"]
[SourceTitle "playchess.com"]
[Source "ChessBase"]
[SourceQuality "1"]
[TimeControl "180+2"]

1. d4 Nf6 2. c4 e6 3. Nc3 Bb4 4. e3 O-O 5. Bd3 c5 6. Nf3 d6 7. O-O Bxc3 8. bxc3 Nc6 9. e4 e5 10. d5 Ne7 11. Nd2 Ne8 {[%emt 0:00:09] E41: Nimzo-Indian: Rubinstein: 4...c5 5 Bd3, including Hübner Variation.} 12. Qe2 {[%emt 0:00:23] [#]} f5 $146 ({Better is} 12... Ng6 $11) ({Predecessor:} 12... Ng6 13. g3 Bh3 14. Re1 Qd7 15. f3 f5 16. exf5 Bxf5 17. Ne4 Nf6 18. Ng5 e4 19. Nxe4 Nxe4 20. Bxe4 {0-1 (59) Sahovic,D (2405)-Vratonjic,S (2445) Niksic 1996}) 13. f4 $14 exf4 {[%emt 0:00:31] White is slightly better.} 14. Rxf4 (14. exf5 $1 $16 Bxf5 15. Ne4 (15. Rxf4 Qd7 $14)) 14... Ng6 $15 15. Rf2 Ne5 $2 (15... f4 $1 $15 {stays ahead.}) 16. exf5 $16 Nf6 17. h3 $1 Qa5 18. Bb2 (18. Ne4 $1 $16 ) 18... Bd7 19. Nf3 Rae8 {[%emt 0:00:06][%cal Oe5c4] Strongly threatening ...Nxc4!} 20. Ng5 Neg4 {[%emt 0:00:18][%mdl 64] [#]} 21. Ne6 $1 Nxf2 (21... Bxe6 22. dxe6) 22. Qxf2 Rf7 23. g4 (23. a4 $16) 23... b5 $1 $11 24. cxb5 {[%emt 0:00:04] aiming for c4.} Nxd5 $2 {[%emt 0:00:04][%mdl 8192] [#]} (24... c4 $1 $11 {and Black has nothing to worry.} 25. Bxc4 Bxb5) 25. Ng5 $1 $18 Bxb5 {[%emt 0:00:25] [#]} 26. Nxf7 $2 (26. c4 $1 $18 Rc7 27. cxb5) 26... Bxd3 $17 27. Nxd6 (27. Ng5 $17) 27... Re2 $19 28. Qf3 (28. Re1 Nf4 29. Rxe2 Nxe2+ 30. Kg2) 28... c4 {[%emt 0:00:01] ( -> ...Qc5+)} (28... Nxc3 $2 29. Qa8+) 29. Ba3 {[%emt 0:00:08][%cal Oa1b1] Against Qc5+} Re3 $2 (29... h6 $19 30. Rb1 Qxa3 31. Qxd5+ Kh7) 30. Qf2 $2 {[%emt 0:00:04][%mdl 8192] White does not recover from this.} (30. Bb4 $11 Rxf3 31. Bxa5) 30... Qxa3 31. Nb5 Qe7 {[%emt 0:00:04] Black mates.} 32. Nd4 Qe5 33. Nc6 Qe4 34. Qh4 h6 35. Qd8+ Kh7 36. Qd6 Nf4 37. Kf2 Qf3+ {[%emt 0:00:02] Weighted Error Value: White=0.73/Black=0.70} 0-1

[Event "4th Tata Steel India Blitz Open 2022"]
[Site "Kolkota"]
[Date "2022.12.04"]
[Round "13.4"]
[White "Rameshbabu, Praggnanandhaa"]
[Black "Erigaisi Arjun"]
[Result "1/2-1/2"]
[ECO "A04"]
[WhiteElo "2678"]
[BlackElo "2718"]
[Annotator "TA"]
[PlyCount "90"]
[EventDate "2022.11.29"]
[EventType "tourn"]
[EventCountry "IND"]
[SourceTitle "playchess.com"]
[Source "ChessBase"]
[SourceQuality "1"]
[TimeControl "180+2"]

1. Nf3 c5 2. g3 Nc6 3. Bg2 g6 4. c3 e5 5. d4 cxd4 6. cxd4 {[%emt 0:00:01] A04: Unusual lines after 1 Nf3 and King's Indian Attack.} e4 7. Ne5 d5 8. Nxc6 bxc6 9. O-O Bg7 10. Nc3 h5 {[%emt 0:00:04] [#]} 11. f3 $146 ({Predecessor:} 11. h4 Ne7 12. Bg5 O-O 13. Qd2 Bg4 14. Bh6 Bxh6 15. Qxh6 Nf5 16. Qd2 e3 17. fxe3 Nxg3 18. Rf4 Qxh4 19. Qe1 Rae8 20. Qf2 f5 21. Bf1 Qh1# {0-1 (21) Lugovskoy,M (2416)-Alekseenko,K (2639) Chess.com INT 2018}) 11... exf3 12. exf3 Ne7 13. Bg5 O-O (13... Qb6 $15 14. Re1 Be6) 14. Qd2 (14. Re1 $5 Re8 15. Na4 $14) 14... Re8 ({Black should play} 14... Qc7 $15) 15. Rfe1 Be6 16. Na4 {[%emt 0:00:20] Prevents Qb6.} Qc8 17. Bxe7 Rxe7 18. Nc5 Qc7 19. Nxe6 Rxe6 20. Rxe6 fxe6 21. f4 Rb8 22. b3 c5 23. Rc1 c4 24. bxc4 dxc4 25. Bf1 Qb6 26. Rxc4 (26. Bxc4 $2 {perishes.} Bxd4+ 27. Kg2 Be3 $19) 26... Rd8 27. Qc2 Rxd4 {[%emt 0:00:22] [#] ( -> ...Rd2+)} 28. Rc6 Rd2+ 29. Rxb6 {[%emt 0:00:01] Intending Rb8+ and mate.} Rxc2 30. Rxe6 $14 {[%emt 0:00:03][%mdl 4096] Endgame KRB-KRB} Kf7 31. Rd6 {[%emt 0:00:14] With the idea Bd3.} (31. Re2 {simplifies} Rxe2 32. Bxe2 Bd4+ 33. Kg2) 31... Bf8 32. Rd7+ Ke6 33. Bh3+ (33. Rxa7 $2 {loses.} Bc5+ 34. Kh1 Bxa7 $19) 33... Kf6 {[%emt 0:00:02] The position is equal.} 34. Bf1 Rxa2 35. Bc4 {[%emt 0:00:01][%csl Gc4][%cal Rd7f7] [#]} Ra1+ 36. Kg2 Be7 37. h3 Rc1 38. Bg8 Rc2+ 39. Kf3 Rc3+ 40. Kf2 Rc2+ 41. Kf1 Rc1+ 42. Ke2 Rc2+ 43. Kf1 Rc1+ 44. Ke2 Rc2+ 45. Kf3 Rc3+ {[%emt 0:00:02] Weighted Error Value: White=0.07 (flawless) /Black=0.08 (flawless)} 1/2-1/2